 Dungeon Crawl Stone Soup version 0.24.0-13-gcf9b319 (webtiles) character file.

Game seed: 11005606463314044090, levelgen mode: deterministic

1773 Fortress the Destroyer (level 8, 0/100 HPs)
             Began as a Grey Draconian Conjurer on Jan 10, 2020.
             Killed from afar by an orc wizard (6 damage)
             ... with a magic dart
             ... on level 7 of the Dungeon.
             The game lasted 00:39:54 (8144 turns).

Fortress the Destroyer (Grey Draconian Conjurer)    Turns: 8144, Time: 00:39:57

Health: 0/100      AC: 24    Str: 10    XL:     8   Next: 80%
Magic:  1/15       EV:  2    Int: 18    God:
Gold:   361        SH:  0    Dex: 12    Spells: 10/17 levels left

rFire    + . .     SeeInvis .   t - +2 hand axe (chop)
rCold    x . .     Gourm    .   (no shield)
rNeg     + + +     Faith    .   (armour unavailable)
rPois    +         Spirit   .   (helmet currently unavailable)
rElec    .         Reflect  .   (cloak currently unavailable)
rCorr    .         Harm     .   (gloves currently unavailable)
MR       .....     NoTele   +   (boots currently unavailable)
Stlth    ++........             k - amulet of rage
HPRegen  0.26/turn              u - ring of fire
MPRegen  0.14/turn              (no ring)

@: tree-form
A: (walk through water), unfitting armour, AC +11
a: Evoke Berserk Rage


You were on level 7 of the Dungeon.
You were very hungry.
You were a tree.
You visited 2 branches of the dungeon, and saw 8 of its levels.

You collected 361 gold pieces.

Inventory:

Hand Weapons
 f - a +1 dagger of venom
 l - a +1 longbow of freezing
 t - a +2 hand axe of chopping (weapon)
 E - a +2 flail of holy wrath
Missiles
 j - 50 poisoned darts (quivered)
 w - 69 arrows
Armour
 m - a +1 pair of boots (melded)
Jewellery
 k - an amulet of rage (around neck)
 u - a ring of fire (left branch)
 z - an uncursed ring of magical power {unknown}
Wands
 y - a wand of flame (17)
 A - a wand of iceblast (7)
Scrolls
 d - 5 scrolls of teleportation
 h - 3 scrolls of identify
 s - 3 scrolls of remove curse
 x - 2 scrolls of fear
 B - a scroll of torment {unknown}
 D - a scroll of magic mapping
Potions
 c - 2 potions of might
 e - a potion of heal wounds {unknown}
 g - a potion of haste {unknown}
 i - a potion of brilliance {unknown}
 n - a potion of ambrosia {unknown}
 o - a potion of mutation {unknown}
 p - 2 potions of lignification
 q - 2 potions of agility
 r - a potion of degeneration {unknown}
 v - 2 potions of flight {unknown}
Comestibles
 b - 18 rations
 C - 2 chunks of flesh


   Skills:
 * Level 4.7 Fighting
 - Level 2.0 Dodging
 - Level 2.0 Stealth
 - Level 5.0 Spellcasting
 + Level 9.9 Conjurations


You had 10 spell levels left.
You knew the following spells:

 Your Spells              Type           Power        Failure   Level  Hunger
a - Magic Dart            Conj           ####         1%          1    None
b - Searing Ray           Conj           #####.       1%          2    #......
c - Iskenderun's Mystic   Conj           #####...     2%          4    ####...

Your spell library contained the following spells:

 Spells                   Type           Power        Failure   Level  Hunger
 Shock                    Conj/Air       ###.         1%          1    None
 Dazzling Spray           Conj/Hex       ###...       5%          3    ##.....
 Static Discharge         Conj/Air       ###.....     5%          3    ##.....
 Force Lance              Conj/Tloc      ###.....     17%         4    ####...
 Fulminant Prism          Conj/Hex       ###.......   17%         4    ####...
 Swiftness                Chrm/Air       #.......     21%         2    #......
 Lightning Bolt           Conj/Air       ###.......   43%         5    ######.
 Airstrike                Air            #.........   78%         4    ####...


Dungeon Overview and Level Annotations

Branches:
Dungeon (7/15)             Temple (1/1) D:6

Altars:
Cheibriados
Dithmenos
Elyvilon
Fedhas
Gozag
Kikubaaqudgha
Makhleb
Nemelex Xobeh
Qazlal
Ru
Sif Muna
Trog
Uskayaw
Wu Jian
Xom
Yredelemnul
Zin
The Shining One
Lugonu

Shops:
D:6 [


Innate Abilities, Weirdness & Mutations

((You can walk through water.))
((Your dull iron-grey scales are very hard. (AC +11)))
You cannot fit into any form of body armour.
((You can survive without breathing.))
((You are cold-blooded and may be slowed by cold attacks.))


Message History

The orc wizard casts a spell.
The orc wizard seems to speed up.
The orc wizard points at you and mumbles some strange words.
The magic dart hits you but does no damage.
The orc warrior hits you with a +0 hand axe.
* * * LOW HITPOINT WARNING * * *
You hit the orc wizard.
The orc wizard is severely wounded.
You hit the orc warrior.
The orc wizard hits you but does no damage.
The orc wizard completely misses you.
The orc warrior hits you but does no damage.
You barely miss the orc wizard.
The orc wizard is severely wounded.
You closely miss the orc warrior.
The orc wizard hits you but does no damage.
The orc warrior hits you but does no damage.
The orc wizard gestures at you while chanting.
The magic dart hits you.
You die...

... #.. #..
## ## ###..
#.## #.##...
#....
#...).# #...
#...<# #..#
#....###).#
##....♣o.#
##..)o(.#
#......#
#.........
#.....!...#
#....##...##
.....## #..#
....## ..#


You could see an orc warrior and an orc wizard.

Vanquished Creatures
  Menkaure (D:6)
  An ice beast (D:5)
  A sky beast (D:4)
  An orc warrior (D:6)
  2 ogres
  2 centaurs
  A bullfrog (D:6)
  A howler monkey (D:5)
  A crimson imp (D:5)
  2 hounds (D:6)
  A bullfrog skeleton (D:4)
  3 orc priests
  An iguana (D:5)
  Jessica (D:2)
  7 orc wizards
  Natasha (thrice) (D:2)
  2 worker ants (D:5)
  Terence (D:2)
  7 gnolls
  8 adders
  A river rat (D:6)
  2 adder zombies
  2 worms
  A dart slug (D:2)
  A leopard gecko (D:1)
  38 orcs
  5 ball pythons
  7 bats
  9 giant cockroaches
  6 goblins
  8 hobgoblins
  13 jackals
  14 kobolds
  A quokka (D:5)
  6 frilled lizards
  A leopard gecko skeleton (D:5)
  A leopard gecko zombie (D:6)
  12 rats
175 creatures vanquished.

Notes
Turn   | Place    | Note
-------+----------+-------------------------------------------
     0 | D:1      | Fortress the Draconian Conjurer began the quest for the
                  | Orb.
     0 | D:1      | Reached XP level 1. HP: 14/14 MP: 3/3
   150 | D:1      | Reached XP level 2. HP: 11/20 MP: 0/5
   833 | D:1      | Reached XP level 3. HP: 26/26 MP: 3/6
  1307 | D:2      | Noticed Natasha
  1311 | D:2      | Learned a level 2 spell: Searing Ray
  1315 | D:2      | Killed Natasha
  1315 | D:2      | Reached XP level 4. HP: 33/33 MP: 3/8
  1324 | D:2      | Noticed Natasha
  1346 | D:2      | Killed Natasha
  1346 | D:2      | Reached skill level 5 in Conjurations
  1414 | D:2      | Noticed Natasha
  1426 | D:2      | Killed Natasha
  1610 | D:2      | Noticed Terence
  1640 | D:2      | Killed Terence
  1640 | D:2      | Reached XP level 5. HP: 19/38 MP: 0/9
  1951 | D:2      | Noticed Jessica
  1959 | D:2      | Killed Jessica
  2406 | D:2      | Found a glowing golden altar of the Shining One.
  2974 | D:3      | Reached skill level 6 in Conjurations
  3114 | D:3      | Reached XP level 6. HP: 45/45 MP: 8/11
  3342 | D:3      | Found an opulent altar of Gozag.
  3734 | D:3      | Found a burning altar of Makhleb.
  4337 | D:4      | Found a white marble altar of Elyvilon.
  4359 | D:4      | Noticed a sky beast
  4375 | D:4      | Killed a sky beast
  4567 | D:4      | Your scales start taking on a dull iron-grey colour.
  4567 | D:4      | Reached XP level 7. HP: 50/50 MP: 3/14
  4567 | D:4      | Gained mutation: You can survive without breathing. [Grey
                  | Draconian growth]
  4576 | D:4      | Reached skill level 5 in Spellcasting
  4959 | D:4      | Reached skill level 1 in Fighting
  5027 | D:4      | Found a glowing golden altar of the Shining One.
  5027 | D:4      | Found a shadowy altar of Dithmenos.
  5387 | D:4      | Learned a level 4 spell: Iskenderun's Mystic Blast
  5388 | D:5      | Entered Level 5 of the Dungeon
  5415 | D:5      | Reached skill level 7 in Conjurations
  6225 | D:5      | Reached skill level 8 in Conjurations
  6225 | D:5      | Reached XP level 8. HP: 63/63 MP: 7/15
  6316 | D:5      | Found a blossoming altar of Fedhas.
  6811 | D:6      | Found a shimmering blue altar of Sif Muna.
  6833 | D:6      | Found Foptagig's Armour Shop.
  6929 | D:6      | Noticed Menkaure
  6935 | D:6      | Killed Menkaure
  7169 | D:6      | Found a staircase to the Ecumenical Temple.
  7174 | Temple   | Entered the Ecumenical Temple
  7304 | D:6      | Reached skill level 9 in Conjurations
  7779 | D:6      | Noticed a moth of wrath
  7782 | D:6      | Found a bloodstained altar of Trog.
  8026 | D:6      | Found a shimmering blue altar of Sif Muna.
  8142 | D:7      | HP: 5/100 [orc warrior/+0 hand axe (4)]
  8144 | D:7      | Killed from afar by an orc wizard

Levels and vault maps discovered:
D:1:      erik_arrival_blinker_ship, layout_basic
D:2:      layout_basic, first_ration, nicolae_tso_swordbearing_angel,
          uniq_jessica, uniq_natasha, uniq_terence
D:3:      layout_basic, lemuel_coloured_pillars_altar, grunt_gozag_statues
D:4:      layout_basic, elyvilon_altar_4, minitemple
D:5:      layout_loops_ring, lemuel_doored_altar, palyth_stone_intersect
D:6:      layout_cave_pools, marbit_many_paths, tgw_trog, temple_doors_e,
          basic_altar, serial_shops, nicolae_shop_trees, portal_sewer_entry_e,
          uniq_menkaure
D:7:      layout_layer_cave, grunt_livestock, nicolae_ashenzari_panopticon
Temple:   kb_corrupted_temple

Skill      XL: |  1  2  3  4  5  6  7  8 |
---------------+-------------------------+-----
Dodging        | 2 |  2.0
Stealth        | 2 |  2.0
Spellcasting   | 3 4 5 |  5.0
Conjurations   | 5 6 8 9 |  9.9
Fighting       | 3 4 |  4.7

Action                   |  1- 3 |  4- 6 |  7- 9 || total
-------------------------+-------+-------+-------++-------
Melee: Dagger            |    39 |    70 |       ||   109
       Tailslap          |     2 |    17 |     5 ||    24
       Hand axe          |       |    45 |    60 ||   105
 Cast: Magic Dart        |    59 |   112 |   150 ||   321
       Searing Ray       |     1 |    14 |    16 ||    31
       Iskenderun's Myst |       |       |     2 ||     2
  Use: Scroll            |       |     6 |     3 ||     9
       Potion            |       |       |     1 ||     1
 Stab: Sleeping          |       |       |     4 ||     4
  Eat: Chunk             |     1 |     9 |    10 ||    20
       Ration            |       |     1 |       ||     1
Armor: Skin              |    19 |    47 |    74 ||   140
Dodge: Dodged            |    42 |    93 |    88 ||   223
